 Dungeon Crawl Stone Soup version 0.28.0-53-g5a82cb258f (webtiles) character file.

Game seed: 12044403147577408911

54 MisterFreud the Covert (level 3, 0/35 HPs)
             Began as a Gnoll Delver on July 21, 2022.
             Slain by an adder (2 damage)
             ... in a sewer.
             The game lasted 00:01:06 (390 turns).

MisterFreud the Covert (Gnoll Delver)                Turns: 390, Time: 00:01:07

Health: 0/35       AC:  3    Str: 11    XL:     3   Next: 91%
Magic:  4/4        EV: 13    Int: 11    God:
Gold:   55         SH:  0    Dex: 13    Spells: 4/4 levels left

rFire   . . .      SeeInvis .   a - +0 short sword
rCold   . . .      Faith    .   (no shield)
rNeg    . . .      Spirit   .   b - +0 leather armour
rPois   .          Reflect  .   (no helmet)
rElec   .          Harm     .   (no cloak)
rCorr   .          Rampage  .   (no gloves)
Will    .....                   (no boots)
Stlth   ++++......              (no amulet)
HPRegen 0.11/turn               (no ring)
MPRegen 0.09/turn               (no ring)

@: lethally poisoned (0 -> -7)
A: fangs 1, strong nose, distributed training
a: no special abilities


You were in a sewer.
You visited 1 branch of the dungeon, and saw 2 of its levels.
You also visited: Sewer.

You collected 55 gold pieces.

Inventory:

Hand Weapons
 a - a +0 short sword (weapon)
Armour
 b - a +0 leather armour (worn)
Wands
 g - a wand of digging (3)
 i - a wand of acid (9)
Scrolls
 c - a scroll of fog
 d - a scroll of magic mapping
 e - 2 scrolls of fear
 h - a scroll of holy word {unknown}
 j - a scroll of teleportation {unknown}
Potions
 f - a potion of haste


   Skills:
 + Level 6.5 Fighting
 + Level 4.6 Short Blades
 + Level 1.0 Long Blades
 + Level 1.0 Axes
 + Level 1.0 Maces & Flails
 + Level 1.0 Polearms
 + Level 1.0 Staves
 + Level 1.0 Slings
 + Level 1.0 Bows
 + Level 1.0 Crossbows
 + Level 1.0 Throwing
 + Level 1.0 Armour
 + Level 4.6 Dodging
 + Level 9.6 Stealth
 + Level 1.0 Shields
 + Level 1.0 Unarmed Combat
 + Level 1.0 Spellcasting
 + Level 0.7 Conjurations
 + Level 0.7 Hexes
 + Level 0.7 Summonings
 + Level 0.7 Necromancy
 + Level 0.7 Translocations
 + Level 0.7 Transmutations
 + Level 0.7 Fire Magic
 + Level 0.7 Ice Magic
 + Level 0.7 Air Magic
 + Level 0.7 Earth Magic
 + Level 0.7 Poison Magic
 + Level 1.0 Invocations
 + Level 1.0 Evocations


You had 4 spell levels left.
You didn't know any spells.
Your spell library was empty.

Dungeon Overview and Level Annotations

Branches:
Dungeon (6/15)              Sewer (1/1)
 Temple: D:4-7

Altars:


Innate Abilities, Weirdness & Mutations

You have very sharp teeth.
Your uncanny sense of smell can sniff out nearby items.
Your experience applies equally to all skills.


Message History

Your Maces & Flails skill increases to level 1!
Your Polearms skill increases to level 1!
Your Staves skill increases to level 1!
Your Slings skill increases to level 1!
Your Bows skill increases to level 1!
Your Crossbows skill increases to level 1!
Your Throwing skill increases to level 1!
Your Armour skill increases to level 1!
Your Shields skill increases to level 1!
Your Unarmed Combat skill increases to level 1!
Your Spellcasting skill increases to level 1!
Your Evocations skill increases to level 1!
You miss the adder. Your bite misses the adder.
You feel sick. The adder closely misses you. x2
Unknown command.
You barely miss the adder.
You feel sick. The adder closely misses you. The adder barely misses you.
Unknown command.
You closely miss the adder.
You feel sick. The adder closely misses you. The adder barely misses you.
The adder bites you.
* * * LOW HITPOINT WARNING * * *
You are more poisoned.
The adder poisons you!
Unknown command.
You hit the adder. You bite the adder, but do no damage.
The adder is heavily wounded.
You feel sick.
The adder bites you but does no damage. x2
Unknown command.
Okay, then.
You closely miss the adder. You bite the adder, but do no damage.
The adder is heavily wounded.
You feel sick. The adder barely misses you. The adder bites you.
* * * LOW HITPOINT WARNING * * *
You are more poisoned.
The adder poisons you!
Unknown command.
You hit the adder. Your bite misses the adder.
The adder is heavily wounded.
* * * LOW HITPOINT WARNING * * *
You feel sick. The adder bites you but does no damage. The adder bites you.
You die...

#†'..'!##≈≈.#
#.#..#.##≈≈≈#
###..####≈≈≈#
#..# #≈≈≈#
###..####≈≈≈#
#.#..#.##≈≈≈#
#.'..'.##≈≈.#
#SS..'.##.≈≈#
#@#..#.##≈≈≈#
###..# ##.≈≈#
#..# #≈≈.#
#∩∩# #≈≈.#
#### #≈≈≈#
#≈≈.# #≈≈.#
#.≈≈#
#####≈≈≈#


You could see 2 adders.

Vanquished Creatures
  2 adders (Sewer)
  2 river rats (Sewer)
  A worm (Sewer)
  2 bats (Sewer)
  5 giant cockroaches
  4 quokkas (D:5)
16 creatures vanquished.

Notes
Turn   | Place    | Note
-------+----------+-------------------------------------------
     0 | D:5      | Reached skill level 9 in Stealth
     0 | D:5      | MisterFreud the Gnoll Delver began the quest for the Orb.
     0 | D:5      | Reached XP level 1. HP: 23/23 MP: 1/1
     1 | D:6      | Noticed a phantom
    51 | D:5      | Found a glowing drain.
    58 | D:5      | Reached XP level 2. HP: 29/29 MP: 2/2
    72 | Sewer    | Entered a sewer
   186 | Sewer    | Reached XP level 3. HP: 28/35 MP: 3/3
   350 | Sewer    | Reached skill level 1 in Invocations
   385 | Sewer    | Reached skill level 1 in Long Blades
   385 | Sewer    | Reached skill level 1 in Axes
   385 | Sewer    | Reached skill level 1 in Maces & Flails
   385 | Sewer    | Reached skill level 1 in Polearms
   385 | Sewer    | Reached skill level 1 in Staves
   385 | Sewer    | Reached skill level 1 in Slings
   385 | Sewer    | Reached skill level 1 in Bows
   385 | Sewer    | Reached skill level 1 in Crossbows
   385 | Sewer    | Reached skill level 1 in Throwing
   385 | Sewer    | Reached skill level 1 in Armour
   385 | Sewer    | Reached skill level 1 in Shields
   385 | Sewer    | Reached skill level 1 in Unarmed Combat
   385 | Sewer    | Reached skill level 1 in Spellcasting
   385 | Sewer    | Reached skill level 1 in Evocations
   390 | Sewer    | Slain by an adder

Illustrated notes

Levels and vault maps discovered:
D:5:      layout_loops_ring, nicolae_overflow_hidden_temple,
          gup_sewer_entry_pipe, nicolae_shop_firing_range
D:6:      layout_cave_pools, nicolae_overflow_crystal_walls
Sewer:    sewer_fruit_machine

Skill      XL: |  1  2  3 |
---------------+----------+-----
Stealth        | |  9.6
Invocations    | 1 |  1.0
Long Blades    | 1 |  1.0
Axes           | 1 |  1.0
Maces & Flails | 1 |  1.0
Polearms       | 1 |  1.0
Staves         | 1 |  1.0
Slings         | 1 |  1.0
Bows           | 1 |  1.0
Crossbows      | 1 |  1.0
Throwing       | 1 |  1.0
Armour         | 1 |  1.0
Shields        | 1 |  1.0
Unarmed Combat | 1 |  1.0
Spellcasting   | 1 |  1.0
Evocations     | 1 |  1.0
Fighting       | |  6.5
Short Blades   | |  4.6
Dodging        | |  4.6
Conjurations   | |  0.7
Hexes          | |  0.7
Summonings     | |  0.7
Necromancy     | |  0.7
Translocations | |  0.7
Transmutations | |  0.7
Fire Magic     | |  0.7
Ice Magic      | |  0.7
Air Magic      | |  0.7
Earth Magic    | |  0.7
Poison Magic   | |  0.7

Action                   || total
-------------------------++-------
Melee: Short sword       ||    66
       Bite              ||    10
 Stab: Sleeping          ||     5
Armor: Leather armour    ||    16
Dodge: Dodged            ||    53
